 Dungeon Crawl Stone Soup version 0.28-a0-1142-gc8569940dd (webtiles) character file.

Game seed: 14108408826864057325

240 IndexError the Insei (level 5, -3/45 HPs)
             Began as a Draconian Transmuter on Dec 13, 2021.
             Slain by Grinder (5 damage)
             ... while paralysed by Grinder
             ... on level 4 of the Dungeon.
             The game lasted 00:03:55 (2702 turns).

IndexError the Insei (Draconian Transmuter)         Turns: 2702, Time: 00:03:55

Health: -3/45      AC:  5    Str: 12    XL:     5   Next: 79%
Magic:  8/8        EV:  2    Int: 21    God:
Gold:   136        SH:  0    Dex: 12    Spells: 5/8 levels left

rFire   . . .      SeeInvis .     - Unarmed
rCold   . . .      Faith    .   (no shield)
rNeg    . . .      Spirit   .   (armour unavailable)
rPois   .          Reflect  .   (helmet currently unavailable)
rElec   .          Harm     .   (no cloak)
rCorr   .          Rampage  .   (no gloves)
Will    .....                   (boots currently unavailable)
Stlth   +.........              g - amulet of regeneration {+regen, !d}
HPRegen 0.95/turn               o - +6 ring of intelligence
MPRegen 0.11/turn               m - ring of flight {+Fly, !d}

@: paralysed, appendages, flying
A: horns 2, talons 2, AC +5, unfitting armour, cold-blooded
a: End Transformation


You were on level 4 of the Dungeon.
You had temporarily grown beastly horns and talons.
You visited 1 branch of the dungeon, and saw 4 of its levels.

You collected 136 gold pieces.

Inventory:

Armour
 l - a +1 hat (melded)
   (You found it on level 3 of the Dungeon)
Jewellery
 g - an amulet of regeneration (around neck) {+regen, !d}
   (You found it on level 2 of the Dungeon)
 m - a ring of flight (right hand) {+Fly, !d}
   (You found it on level 3 of the Dungeon)
 o - a +6 ring of intelligence (left hand)
   (You found it on level 4 of the Dungeon)
Wands
 j - a wand of flame (21)
   (You found it on level 3 of the Dungeon)
Scrolls
 a - 3 scrolls of vulnerability {unknown}
 e - 2 scrolls of immolation {unknown}
 n - 2 scrolls of enchant weapon {unknown}
 p - a scroll of identify {unknown}
Potions
 b - 2 potions of mutation {unknown}
 c - a potion of lignification {unknown}
 d - a potion of cancellation {unknown}
 f - a potion of brilliance {unknown}
 h - a potion of heal wounds {unknown}
 i - 2 potions of invisibility {unknown}
 k - a potion of curing {unknown}
 q - 2 potions of degeneration {unknown}


   Skills:
 - Level 3.0 Fighting
 - Level 1.7 Dodging
 + Level 4.7 Unarmed Combat
 - Level 2.0 Spellcasting
 * Level 4.0 Transmutations


You had 5 spell levels left.
You knew the following spells:

 Your Spells              Type           Power      Damage    Failure   Level
a - Beastly Appendage     Tmut           38%        N/A       2%          1
b - Wereblood             Tmut           19%        N/A       4%          2

Your spell library contained the following spells:

 Spells                   Type           Power      Damage    Failure   Level
 Animate Skeleton         Necr           4%         N/A       14%         1
 Apportation              Tloc           4%         N/A       14%         1
 Summon Small Mammal      Summ           8%         N/A       14%         1
 Spider Form              Tmut/Pois      10%        N/A       19%         3
 Ice Form                 Ice/Tmut       10%        N/A       54%         4


Dungeon Overview and Level Annotations

Branches:
Dungeon (4/15)
 Temple: D:4-7

Altars:
Nemelex Xobeh
Trog

Annotations:
D:4 Grinder


Innate Abilities, Weirdness & Mutations

You have temporarily grown beastly horns and talons.
Your plain brown scales are hard. (AC +5)
You cannot fit into any form of body armour.
You are cold-blooded and may be slowed by cold attacks.


Message History

You hit the gnoll.
You feel a bit better.
You howl as the wereblood boils in your veins!
You regained 2 hp, and now have 26/45 hp.
The gnoll barely misses you.
Things that are here:
a +0 spear; a gnoll corpse You hit the gnoll.
The gnoll completely misses you.
You closely miss the gnoll.
Your primal bloodlust has ended.
The gnoll hits you but does no damage.
You closely miss the gnoll. You headbutt the gnoll.
The gnoll closely misses you.
You hit the gnoll. The gnoll hits you with a +0 halberd!
You take 6 damage, and have 23/45 hp.
You hit the gnoll. Your kick misses the gnoll. Your headbutt misses the gnoll.
Your horns disappear.
Your talons disappear.
Your +1 hat unmelds from your body.
The gnoll hits you but does no damage.
You closely miss the gnoll. Your punch misses the gnoll.
The gnoll barely misses you.
MP restored: 8 You barely miss the gnoll.
You tail-slap the gnoll, but do no damage.
The gnoll barely misses you.
You barely miss the gnoll.
Your tail-slap misses the gnoll.
The gnoll barely misses you.
You hit the gnoll.
You tail-slap the gnoll, but do no damage.
The gnoll closely misses you.
You barely miss the gnoll. You tail-slap the gnoll.
You see here a +0 halberd.
There is a stone staircase leading down here.
You now have 136 gold pieces (gained 18).
You see here 23 stones.
q - 2 bubbling cyan potions Health restored: 45 You reach down and open the door.
There is an open door here.
You reach down and open the door.
There is an open door here.
There is a stone staircase leading down here.
A goblin comes into view. It is wielding a +0 club.
The goblin shouts!
A goblin is nearby!
A goblin is nearby!
Casting: Wereblood (safe; 4% risk of failure)
Confirm with . or Enter, or press ? or * to list all spells.
You grow a pair of large bovine horns.
Your feet morph into talons.
Your +1 hat melds into your body.
You now have 7/8 mp.
You hit the goblin but do no damage. You claw the goblin.
No target in view!
Things that are here:
a +0 club; a goblin corpse; MP restored: 8 A gnoll is nearby!
A gnoll is nearby!
Casting: Beastly Appendage (safe; 3% risk of failure)
Confirm with . or Enter, or press ? or * to list all spells.
You extend your transformation's duration.
The gnoll shouts!
The gnoll throws a poisoned dart.
The poisoned dart hits you!
You are poisoned.
You now have 7/8 mp.
You feel sick.
You take 2 damage, and have 43/45 hp.
You feel sick.
Grinder comes into view.
You feel sick.
Grinder shouts!
Grinder blinks!
You closely miss Grinder. Your kick misses Grinder.
You feel sick. Grinder hits you!
You writhe in agony.
You take 12 damage, and have 31/45 hp.
MASSIVE DAMAGE!!
You hit Grinder but do no damage.
You feel sick. The gnoll hits you with a +0 club. Grinder hits you!
You writhe in agony.
You take 13 damage, and have 18/45 hp.
MASSIVE DAMAGE!!
You hit the gnoll.
You feel sick.
You are no longer poisoned.
The gnoll misses you. Grinder hits you.
You writhe in agony.
* * * LOW HITPOINT WARNING * * *
You take 9 damage, and have 9/45 hp.
You hit the gnoll. You claw the gnoll. You headbutt the gnoll.
Grinder hits you.
* * * LOW HITPOINT WARNING * * *
You writhe in agony.
* * * LOW HITPOINT WARNING * * *
Your Transmutations skill increases to level 4!
You take 4 damage, and have 5/45 hp.
Aiming: Throw Flame
Press: ? - help, Shift-Dir - straight line, f - Grinder
Aim: Grinder (64% to hit)
The puff of flame hits Grinder!
Grinder says, "Just stop there for a second..."
Grinder gestures at you.
You suddenly lose the ability to move!
Grinder hits you.
* * * LOW HITPOINT WARNING * * *
You writhe in agony.
* * * LOW HITPOINT WARNING * * *
Grinder hits you.
You die...

...##########.###.### ....)#
#.# #..#)# #.# ...#)# #)#
#.##.########.# ............#.#
# #.##.######.#.######.###
#................)......
######.####.#...@5......
######.####.########.### ...
.............. .... .g.
........###.## #..# .gg.
........# ..# .....# ........#
###.##... .# ........# .(....
..# ........# ########..###.#.#
........#######........†......#


You could see Grinder.

Vanquished Creatures
  A water moccasin skeleton (D:4)
  A bullfrog skeleton (D:4)
  7 gnolls (D:4)
  3 adders
  A worm (D:2)
  2 dart slugs
  3 orcs (D:3)
  3 bats
  An endoplasm (D:1)
  2 giant cockroaches
  7 goblins
  6 hobgoblins
  6 kobolds
  3 quokkas
  10 ball pythons
  3 frilled lizards
  3 rats
62 creatures vanquished.

Notes
Turn   | Place    | Note
-------+----------+-------------------------------------------
     0 | D:1      | IndexError the Draconian Transmuter began the quest for the
                  | Orb.
     0 | D:1      | Reached XP level 1. HP: 16/16 MP: 3/3
   202 | D:1      | Reached XP level 2. HP: 24/24 MP: 3/5
   283 | D:1      | Reached skill level 2 in Fighting
  1238 | D:2      | Reached XP level 3. HP: 30/30 MP: 4/6
  1316 | D:2      | You fall into a shaft and drop 1 floor!
  1550 | D:2      | Found a faded altar of an unknown god.
  1697 | D:3      | Found a bloodstained altar of Trog.
  1720 | D:2      | Learned a level 2 spell: Wereblood
  1810 | D:3      | Reached skill level 3 in Fighting
  1810 | D:3      | Reached skill level 4 in Unarmed Combat
  2318 | D:4      | Reached XP level 4. HP: 38/38 MP: 5/7
  2430 | D:4      | Reached skill level 3 in Transmutations
  2430 | D:4      | Reached XP level 5. HP: 43/45 MP: 8/8
  2463 | D:4      | Found a sparkling altar of Nemelex Xobeh.
  2694 | D:4      | Noticed Grinder
  2698 | D:4      | HP: 9/45 [Grinder (6)]
  2700 | D:4      | Reached skill level 4 in Transmutations
  2700 | D:4      | Paralysed by Grinder for 6 turns
  2701 | D:4      | HP: 1/45 [Grinder (4)]
  2702 | D:4      | Slain by Grinder

Illustrated notes

Levels and vault maps discovered:
D:1:      mrwooster_arrival_statue_3, layout_loops_cross, minmay_cut_off
D:2:      layout_basic, shapermc_ecumenical_altar_pompeii
D:3:      layout_loops_cross, mainiacjoe_overflow_chevrons
D:4:      layout_basic, lemuel_doored_altar, uniq_grinder

Skill      XL: |  1  2  3  4  5 |
---------------+----------------+-----
Fighting       | 2 3 |  3.0
Unarmed Combat | 4 |  4.7
Transmutations | 3 4 |  4.0
Dodging        | |  1.7
Spellcasting   | |  2.0

Action                   |  1- 3 |  4- 6 || total
-------------------------+-------+-------++-------
Melee: Unarmed           |   121 |    73 ||   194
       Tailslap          |     9 |     6 ||    15
       Kick              |    13 |    13 ||    26
       Headbutt          |     7 |    10 ||    17
       Punch             |     1 |       ||     1
 Cast: Beastly Appendage |    34 |     9 ||    43
       Wereblood         |       |     2 ||     2
Evoke: Wand              |       |     1 ||     1
Armor: Skin              |    34 |    14 ||    48
Dodge: Dodged            |    90 |    33 ||   123

Table legend: (Time is in decaauts)
 A = Elapsed time spent in this place.
 B = Non-inter-level travel time spent in this place.
 C = Inter-level travel time spent in this place.
 D = Time resting spent in this place.
 E = Time spent auto-exploring this place.
 F = Levels seen in this place.
 G = Mean time per level.
                   A        B        C        D        E       F      G
               +--------+--------+--------+--------+--------+-----+--------+
         Total |   2691 |   2607 |     84 |      0 |   2127 |   4 |  672.8 |
       Dungeon |   2691 |   2607 |     84 |      0 |   2127 |   4 |  672.8 |
               +--------+--------+--------+--------+--------+-----+--------+

Top non-repeatable levels by time:
     D:1: 1125 daAuts
     D:3: 599 daAuts
     D:2: 561 daAuts
     D:4: 404 daAuts

Table legend:
 A = Kills in this place as a percentage of kills in entire the game.
 B = Kills by you in this place as a percentage of kills by you in the entire game.
 C = Kills by friends in this place as a percentage of kills by friends in the entire game.
 D = Other kills in this place as a percentage of other kills in the entire game.
 E = Experience gained in this place as a percentage of experience gained in the entire game.
 F = Experience gained in this place divided by the number of levels of this place that you have seen.
                   A       B       C       D       E      F
               +-------+-------+-------+-------+-------+----------------------
         Total | 100.0 | 100.0 |   N/A |   N/A | 100.0 |  85.8
       Dungeon | 100.0 | 100.0 |   N/A |   N/A | 100.0 |  85.8
               +-------+-------+-------+-------+-------+----------------------
